 Dungeon Crawl Stone Soup version 0.28-a0-872-g80cf8599ee (webtiles) character file.

Game seed: 3054175423423665499

1416804 t4s4d4r the Grand Master (level 26, 185/185 HPs)
             Began as an Octopode Transmuter on Nov 20, 2021.
             Was an Initiate of Gozag.
             Escaped with the Orb
             ... and 3 runes!
             The game lasted 02:38:21 (96050 turns).

t4s4d4r the Grand Master (Octopode Transmuter)     Turns: 96050, Time: 02:38:22

Health: 185/185    AC: 39    Str: 11    XL:     26   Next: 97%
Magic:  37/37      EV: 40    Int: 23    God:    Gozag
Gold:   2459       SH:  0    Dex: 19    Spells: 21/45 levels left

rFire   + . .      SeeInvis .     - Unarmed
rCold   + . .      Faith    .   (shield currently unavailable)
rNeg    . . .      Spirit   +   (helmet currently unavailable)
rPois   ∞          Reflect  .   N - amulet of guardian spirit
rElec   +          Harm     .   o - ring "Loasoa" {EV+4 Dex+3}
rCorr   +          Rampage  .   T - +4 ring of protection
Will    +++..                   R - ring "Yle Wuewn" {rC+ rCorr Slay+4}
Stlth   +++.......              I - +4 ring of protection
HPRegen 0.40/turn               X - ring "Jicrashro" {rElec rF+ Will++ EV+4 Str-4}
MPRegen 0.25/turn               Z - +4 ring of protection
                                F - ring of Duhefauphe {rCorr AC+4 Str+3 Dex+2}
                                W - +4 ring of protection

@: storm-form, flying, studying Summonings
A: cleaving, flying, almost no armour, amphibious, 8 rings, (camouflage 1),
(gelatinous body 1), (nimble swimmer 1), (tentacles)
0: Orb of Zot
}: 3/15 runes: decaying, serpentine, silver
a: Blinkbolt, End Transformation, Renounce Religion, Potion Petition, Call
Merchant, Bribe Branch


You escaped.
You worshipped Gozag.
Gozag was most pleased with you.
You were a lightning-filled tempest!
You visited 10 branches of the dungeon, and saw 49 of its levels.
You also visited: Trove, Sewer, Ice Cave and Desolation.

You collected 28185 gold pieces.
You spent 7673 gold pieces at shops.
You paid 18053 gold pieces to Gozag.

Inventory:

Missiles
 r - 2 throwing nets
Magical Staves
 a - a staff of air (melded)
Jewellery
 o - the ring "Loasoa" (left tentacle) {EV+4 Dex+3}
   (You found it in the Desolation of Salt)

   [ring of evasion]

   EV:        It affects your evasion (+4).
   Dex:       It affects your dexterity (+3).
 p - a ring of see invisible
 F - the ring of Duhefauphe (on tentacle) {rCorr AC+4 Str+3 Dex+2}
   (You found it in the Desolation of Salt)

   [ring of protection]

   AC:        It affects your AC (+4).
   Str:       It affects your strength (+3).
   Dex:       It affects your dexterity (+2).
   rCorr:     It protects you from acid and corrosion.
 G - the ring of the Endless Expanse {rC+ Int+4 Dex+4}
   (You found it in a treasure trove)

   [ring of protection from cold]

   Int:       It affects your intelligence (+4).
   Dex:       It affects your dexterity (+4).
   rC:        It protects you from cold.
 I - a +4 ring of protection (on tentacle)
 N - an amulet of guardian spirit (around neck)
 P - a ring of protection from fire
 R - the ring "Yle Wuewn" (on tentacle) {rC+ rCorr Slay+4}
   (You found it in a treasure trove)

   [ring of slaying]

   Slay:      It affects your accuracy & damage with ranged weapons and melee
   (+4).
   rC:        It protects you from cold.
   rCorr:     It protects you from acid and corrosion.
 S - the ring "Toumiryu" {rN+ Str+2 Dex+6}
   (You found it in an ice cave)

   [ring of positive energy]

   Str:       It affects your strength (+2).
   Dex:       It affects your dexterity (+6).
   rN:        It protects you from negative energy.
 T - a +4 ring of protection (right tentacle)
 V - a ring of protection from cold
 W - a +4 ring of protection (on tentacle)
 X - the ring "Jicrashro" (on tentacle) {rElec rF+ Will++ EV+4 Str-4}
   (You found it in a treasure trove)

   [ring of evasion]

   EV:        It affects your evasion (+4).
   Str:       It affects your strength (-4).
   rF:        It protects you from fire.
   rElec:     It insulates you from electricity.
   Will:      It greatly increases your willpower.
 Y - the ring "Viuv" {rC++ MP+9 Str-4 SInv}
   (You found it on level 4 of the Realm of Zot)

   [ring of magical power]

   Str:       It affects your strength (-4).
   rC:        It greatly protects you from cold.
   MP:        It affects your magic capacity (+9).
   SInv:      It lets you see invisible.
 Z - a +4 ring of protection (on tentacle)
Wands
 g - a wand of mindburst (71)
 A - a wand of iceblast (75)
 E - a wand of acid (13)
 H - a wand of paralysis (6)
 K - a wand of digging (19)
Scrolls
 b - 7 scrolls of magic mapping
 c - 4 scrolls of holy word
 f - 10 scrolls of amnesia
 l - 36 scrolls of identify
 s - 16 scrolls of teleportation
 v - 3 scrolls of summoning
 C - 6 scrolls of immolation
 J - 13 scrolls of blinking
 M - 6 scrolls of fog
 Q - 7 scrolls of fear
 U - 2 scrolls of silence
Potions
 d - 5 potions of flight
 e - 3 potions of invisibility
 h - 21 potions of curing
 j - 4 potions of berserk rage
 k - 7 potions of haste
 n - 8 potions of mutation
 t - 6 potions of lignification
 u - 6 potions of magic
 w - 8 potions of heal wounds
 x - 5 potions of resistance
 z - 8 potions of brilliance
 B - 8 potions of might
 O - 6 potions of cancellation
Miscellaneous
 i - a box of beasts
 m - a phial of floods
 q - a phantom mirror
 y - a lightning rod (4/4)
 D - a condenser vane
 L - a tin of tremorstones (2/2)


   Skills:
 - Level 16.6 Fighting
 - Level 15.7 Dodging
 + Level 17.9 Stealth
 O Level 27 Unarmed Combat
 - Level 10.1 Spellcasting
 - Level 19.6 Transmutations
 - Level 6.3 Ice Magic
 - Level 18.5 Air Magic
 - Level 3.1 Poison Magic
 - Level 10.0 Evocations


You had 21 spell levels left.
You knew the following spells:

 Your Spells              Type           Power      Damage    Failure   Level
a - Beastly Appendage     Tmut           100%       N/A       0%          1
b - Wereblood             Tmut           80%        N/A       0%          2
c - Spider Form           Tmut/Pois      59%        N/A       1%          3
d - Ice Form              Ice/Tmut       64%        N/A       1%          4
e - Swiftness             Air            77%        N/A       0%          3
f - Storm Form            Tmut/Air       39%        N/A       1%          7
g - Airstrike             Air            38%        N/A       1%          4

Your spell library contained the following spells:

 Spells                   Type           Power      Damage    Failure   Level
 Freeze                   Ice            100%       1d11      1%          1
 Shock                    Conj/Air       100%       1d9       1%          1
 Corpse Rot               Necr/Air       100%       N/A       1%          2
 Passwall                 Tmut/Erth      45%        N/A       1%          2
 Poisonous Vapours        Pois/Air       100%       N/A       1%          2
 Frozen Ramparts          Ice            80%        1d10      1%          3
 Ignite Poison            Fire/Tmut/Pois 46%        N/A       1%          3
 Mephitic Cloud           Conj/Pois/Air  44%        N/A       1%          3
 Summon Lightning Spire   Summ/Air       53%        N/A       1%          4
 Alistair's Intoxication  Tmut/Pois      39%        N/A       1%          5
 Blade Hands              Tmut           40%        N/A       1%          5
 Ensorcelled Hibernation  Hex/Ice        52%        N/A       2%          2
 Irradiate                Conj/Tmut      27%        3d22      2%          5
 Lightning Bolt           Conj/Air       26%        1d42      3%          5
 Silence                  Hex/Air        26%        N/A       3%          5
 Freezing Cloud           Conj/Ice/Air   24%        6-21      4%          5
 Animate Skeleton         Necr           22%        N/A       5%          1
 Apportation              Tloc           22%        N/A       5%          1
 Foxfire                  Conj/Fire      44%        2x1d6     5%          1
 Magic Dart               Conj           44%        1d5       5%          1
 Pain                     Necr           44%        1d6       5%          1
 Sandblast                Erth           22%        2d7       5%          1
 Slow                     Hex            44%        N/A       5%          1
 Summon Small Mammal      Summ           44%        N/A       5%          1
 Eringya's Noxious Bog    Tmut/Pois      29%        N/A       8%          6
 Blink                    Tloc           22%        N/A       9%          2
 Call Imp                 Summ           11%        N/A       9%          2
 Searing Ray              Conj           22%        2d5       9%          2
 Sublimation of Blood     Necr           11%        N/A       9%          2
 Hailstorm                Conj/Ice       26%        3d7       16%         4
 Olgreb's Toxic Radiance  Pois           26%        N/A       16%         4
 Summon Ice Beast         Ice/Summ       26%        N/A       16%         4
 Statue Form              Tmut/Erth      36%        N/A       16%         6
 Call Canine Familiar     Summ           11%        N/A       17%         3
 Confusing Touch          Hex            11%        N/A       17%         3
 Conjure Flame            Conj/Fire      11%        6-21      17%         3
 Dazzling Flash           Conj/Hex       22%        N/A       17%         3
 Gell's Gravitas          Tloc           11%        N/A       17%         3
 Lesser Beckoning         Tloc           11%        N/A       17%         3
 Portal Projectile        Hex/Tloc       22%        N/A       17%         3
 Stone Arrow              Conj/Erth      22%        3d8       17%         3
 Summon Guardian Golem    Hex/Summ       11%        N/A       17%         3
 Teleport Other           Tloc           11%        N/A       17%         3
 Tukima's Dance           Hex            11%        N/A       17%         3
 Vampiric Draining        Necr           11%        2d6       17%         3
 Metabolic Englaciation   Hex/Ice        13%        N/A       38%         5
 Animate Dead             Necr           5%         N/A       50%         4
 Fulminant Prism          Conj/Hex       5%         3d7       50%         4
 Iskenderun's Mystic Bla  Conj/Tloc      11%        2d4       50%         4
 Leda's Liquefaction      Hex/Erth       5%         N/A       50%         4
 Passage of Golubria      Tloc           11%        N/A       50%         4
 Sticky Flame             Conj/Fire      11%        2d3       50%         4
 Agony                    Necr           11%        N/A       83%         5
 Borgnjor's Vile Clutch   Necr/Erth      5%         N/A       83%         5
 Excruciating Wounds      Necr           5%         N/A       83%         5
 Fireball                 Conj/Fire      5%         3d5       83%         5
 Iskenderun's Battlesphe  Conj           11%        2d7       83%         5
 Lee's Rapid Deconstruct  Erth           5%         3d7*      83%         5
 Manifold Assault         Tloc           11%        N/A       83%         5
 Simulacrum               Ice/Necr       13%        N/A       93%         6
 Death Channel            Necr           5%         N/A       100%        6
 Dispersal                Tloc           5%         N/A       100%        6
 Iron Shot                Conj/Erth      5%         9d2       100%        6
 Starburst                Conj/Fire      5%         6d4       100%        6
 Orb of Destruction       Conj           5%         9d2       100%        7
 Spellforged Servitor     Conj/Summ      5%         N/A       100%        7
 Summon Hydra             Summ           5%         N/A       100%        7
 Lehudib's Crystal Spear  Conj/Erth      5%         10d3      100%        8
 Summon Horrible Things   Summ           5%         N/A       100%        8
 Polar Vortex             Ice            20%        N/A       100%        9


Dungeon Overview and Level Annotations

Branches:
Dungeon (15/15)            Temple (1/1) D:7            Lair (6/6) D:9
  Swamp (4/4) Lair:3        Snake (4/4) Lair:3        Slime (0/5) Lair:6
    Orc (2/2) D:11            Elf (3/3) Orc:2        Vaults (5/5) D:13
  Crypt (0/3) Vaults:2     Depths (4/4) D:15            Zot (5/5) Depths:4
  Sewer (visited)           IceCv (visited)         Desolation (visited)

Altars:
Cheibriados
Dithmenos
Elyvilon
Fedhas
Gozag
Kikubaaqudgha
Nemelex Xobeh
Okawaru
Qazlal
Ru
Sif Muna
Trog
Uskayaw
Wu Jian
Xom
Yredelemnul
Beogh
Jiyva
Lugonu

Shops:
D:7 *   D:8 (   D:10 *=   D:11 [   Orc:1 *   Orc:2 [?==   Elf:1 (   Elf:2 (*
Elf:3 *   Lair:1 :*((?(=*((   Snake:1 *[*(*   Vaults:1 [!:   Vaults:5 *

Portals:
Hell: Depths:1 Depths:2 Depths:3 Depths:4
Abyss: Lair:6 Snake:3 Depths:2 Depths:3 Depths:4
Pandemonium: Depths:2
Ziggurat: Depths:1

Annotations:
D:9 3 runed translucent doors, bmj180's ghost, novice DrCj
Snake:3 2 transporters, DEFE's ghost, adept DsFi
Elf:2 3 runed translucent doors


Innate Abilities, Weirdness & Mutations

You are a lightning-filled tempest!
Your stormy fists strike out in all directions at once.
You are incredibly evasive.
You are flying.
You are immune to poison.
Your armour is entirely melded.
You are incapable of wielding weapons or throwing items.
You cannot wear most types of armour.
You are amphibious.
You can wear up to eight rings at the same time.
((Your skin changes colour to match your surroundings (Stealth+).))
((Your rubbery body absorbs attacks. (AC +1, EV +1)))
((You are camouflaged near water. (Stealth+)))
((You have tentacles for arms and can constrict up to eight enemies at once.))


Message History

There is a stone staircase leading down here.
Unknown command.
Your transformation has ended.
Your staff of air unmelds from your body.
There is a stone staircase leading up here.
You climb upwards.
There is a stone staircase leading down here.
There is an open door here.
There is an escape hatch in the ceiling here.
A mysterious force pulls you upwards. The hatch slams shut behind you.
An Orb Guardian comes into view.
You feel a surge of power!
You turn into a lightning-filled tempest!
Your staff of air melds into your body.
You buffet the Orb Guardian!
Lightning courses through the Orb Guardian!
The Orb Guardian is moderately wounded.
The Orb Guardian completely misses you.
You blast the Orb Guardian!!!
The Orb Guardian is severely wounded.
The Orb Guardian hits you!
You blast the Orb Guardian!!!
You kill the Orb Guardian!
No target in view!
HP restored.
A chaos spawn, a cacodemon, a pandemonium lord and a small abomination come into view.
Press: ? - help, v - describe, . - travel
Here: Qidacon (surrounded by mutagenic energy)
The floor.
The cacodemon gestures at you. The bolt of energy misses you.
The small abomination is engulfed in mutagenic fog.
The chaos spawn is engulfed in mutagenic fog.
The cacodemon gestures at you. The bolt of energy misses you.
The chaos spawn is engulfed in mutagenic fog.
There is a staircase leading out of the dungeon here.
The small abomination is engulfed in mutagenic fog.
The chaos spawn is engulfed in mutagenic fog.
You have escaped!

#...........###^§§≈≈#
#...............§≈≈≈#
#.....8.........§§≈≈#
###........8.§.§§.≈≈#
#..........x&42≈≈≈#
##.........§.§.≈≈≈#
#....8......≈≈.≈≈#
#.8........≈≈.≈≈≈#
##.......v≈≈≈≈≈≈≈#
#.......≈..≈≈≈≈≈#
##.......≈..≈≈≈≈≈#
#......≈≈≈.≈≈≈≈≈≈#
#≈≈≈.≈≈≈.≈≈≈≈≈≈≈≈#
#≈≈≈≈.≈.≈≈≈≈≈≈≈≈≈#
#≈≈≈≈≈≈≈≈≈≈≈≈≈≈≈≈#
#≈≈≈≈≈≈≈≈≈≈≈≈≈≈≈≈
############


You could see Qidacon (clouds), a cacodemon, a chaos spawn and a small
abomination.

Vanquished Creatures
  A dread lich (Zot:5)
  5 ancient liches
  Mara (Vaults:4)
  An orb of fire (Zot:5)
  A juggernaut (Depths:4)
  2 Killer Klowns
  the Lernaean hydra (Swamp:4)
  Saint Roka (Vaults:4)
  6 caustic shrikes
  Xtahua (Depths:4)
  Nikola (Swamp:1)
  A curse toe (Zot:5)
  9 golden dragons
  Jory (Vaults:4)
  A bone dragon (Depths:4)
  An electric golem (Zot:5)
  Jorgrun (D:15)
  2 Ice Fiends
  8 tentacled monstrosities
  4 titans
  20 Orb Guardians
  4 quicksilver dragons
  4 liches
  2 death cobs
  2 deep elf master archers (Elf:3)
  3 sphinxes
  Kirke (D:14)
  8 shadow dragons
  A thorn hunter (Swamp:3)
  5 tengu reavers (Vaults:5)
  2 draconian monks
  13 storm dragons
  Donald (Snake:1)
  5 nagarajas (Snake:4)
  8 draconian knights
  A fenstrider witch (Swamp:2)
  11 frost giants
  8 fire giants
  2 iron dragons
  A daeva (Depths:1)
  4 draconian scorchers
  16 vault wardens
  A cacodemon (Depths:4)
  3 draconian shifters
  7 deep elf sorcerers (Elf:3)
  A balrug (Depths:2)
  2 imperial myrmidons (Desolation)
  2 angels (Depths:1)
  Louise (D:14)
  3 ghost moths
  Aizul (Snake:2)
  An emperor scorpion (D:15)
  18 ironbound preservers
  A spriggan defender (Depths:3)
  4 draconian stormcallers
  A reaper (Depths:4)
  11 very ugly things
  5 deep elf elementalists
  A quicksilver ooze (shapeshifter) (Vaults:5)
  8 draconian annihilators
  A stone giant (shapeshifter) (Vaults:3)
  9 green draconians
  3 vampire knights
  19 stone giants
  2 war gargoyles (Vaults:4)
  9 deep elf demonologists
  Nessos (Lair:5)
  A halazid warlock (Desolation)
  9 dire elephants
  8 black draconians
  2 yellow draconians (Zot:4)
  10 purple draconians
  3 entropy weavers
  6 white draconians
  2 deep elf annihilators (Elf:3)
  9 red draconians
  4 spark wasps
  4 bunyips
  2 green deaths
  9 ettins
  5 deep elf death magi
  A blizzard demon (Depths:4)
  4 crystal guardians (Desolation)
  Snorg (Orc:1)
  5 eleionomae
  6 fire dragons
  13 yaktaur captains
  5 deep elf high priests
  4 ragged hierophants (Desolation)
  9 great orbs of eyes
  5 ironbound thunderhulks
  6 rakshasas
  2 shambling mangroves
  29 hydras
  10 ice dragons
  38 vault guards
  2 ghost crabs
  A hydra (shapeshifter) (D:15)
  3 boulder beetles
  9 servants of whispers (Desolation)
  9 naga warriors
  2 salamander tyrants (Snake:2)
  15 anacondas
  A catoblepas (shapeshifter) (Depths:3)
  3 ogre magi
  3 peacekeepers
  2 caustic shrike simulacra (IceCv)
  3 hell beasts
  A catoblepas (D:14)
  3 spriggan air magi
  9 centaur warriors
  3 two-headed ogres
  5 ironbound frosthearts
  6 tengu warriors
  6 alligators
  5 deep troll earth magi
  5 hell hogs (Depths:3)
  10 deep troll shamans
  A vampire mage (Depths:3)
  4 thrashing horrors (Lair:6)
  5 spriggan berserkers
  10 hell knights
  5 orc high priests (Orc:2)
  9 shock serpents
  27 naga sharpshooters
  4 sun demons
  9 deep elf knights
  5 soul eaters
  4 sixfirhies
  A goliath frog (shapeshifter) (D:15)
  2 goliath frogs
  6 salamander mystics
  14 iron trolls
  8 skeletal warriors
  7 sea snakes
  2 spriggan druids
  37 deep trolls
  3 flayed ghosts
  8 bog bodies
  A cherub (Depths:4)
  9 naga ritualists
  2 glowing orange brains
  18 swamp dragons
  22 ironbound convokers
  4 phantasmal warriors
  A harpy (shapeshifter) (Lair:6)
  12 wizards
  7 necromancers
  3 harpies (Vaults:1)
  A sphinx zombie (Vaults:3)
  5 lindwurms
  20 deep elf archers
  9 orc knights
  33 deep elf zephyrmancers
  2 obsidian statues
  24 deep elf pyromancers
  12 mana vipers
  2 cyclopes
  2 large abominations (Lair:6)
  33 ugly things
  23 salamanders
  2 orc sorcerers
  5 will-o-the-wisps
  A manticore (shapeshifter) (Vaults:5)
  18 elephants
  5 manticores
  2 human skeletons
  15 moths of wrath
  2 human zombies
  23 vault sentinels
  8 guardian serpents
  A rust devil (Depths:2)
  A water nymph (shapeshifter) (Lair:6)
  18 naga magi
  A molten gargoyle (Desolation)
  43 black mambas
  2 gargoyles (D:13)
  21 cane toads
  A hellion (Depths:4)
  7 smoke demons
  2 orange demons (Depths:2)
  2 rime drakes (Lair:6)
  2 kobold demonologists
  An ice devil (Depths:4)
  2 unseen horrors
  41 yaktaurs
  2 yaktaur zombies
  19 komodo dragons
  3 anaconda simulacra (IceCv)
  16 freezing wraiths
  An ancient zyme (Lair:6)
  A tormentor (Depths:4)
  A tengu conjurer (Depths:1)
  2 entropy weaver simulacra (IceCv)
  A hellwing (Depths:4)
  5 trolls
  11 tyrant leeches
  A red devil (Depths:2)
  A merfolk (shapeshifter) (Vaults:5)
  A golden dragon simulacrum (IceCv)
  A polar bear (shapeshifter) (Elf:2)
  6 polar bears
  55 saltlings (Desolation)
  14 hornets
  37 blink frogs
  39 slime creatures
  9 dream sheep
  3 water elementals (Elf:2)
  2 redbacks
  An air elemental (Elf:1)
  10 spriggans
  2 shadows
  A tarantella (Vaults:1)
  3 ynoxinuls
  6 dire elephant simulacra (IceCv)
  4 wyverns
  A human (D:13)
  82 yaks
  A golden eye (shapeshifter) (D:13)
  9 basilisks
  2 fire elementals
  3 chaos spawn
  11 vampire mosquitoes
  A steam dragon (D:9)
  3 minotaur simulacra (IceCv)
  A neqoxec (D:11)
  2 human simulacra
  42 nagas
  18 swamp worms
  3 wargs
  A harpy simulacrum (IceCv)
  2 acid dragons (D:10)
  2 swamp worms (shapeshifter)
  2 hydra simulacra (IceCv)
  14 water moccasins
  2 floating eyes (shapeshifter)
  A swamp drake (shapeshifter) (D:15)
  9 swamp drakes
  5 alligator simulacra (IceCv)
  38 orc warriors
  A sky beast (D:6)
  2 black bears
  12 small abominations (Lair:6)
  A black bear (shapeshifter) (Vaults:5)
  5 ice beasts (D:7)
  A necrophage (D:7)
  4 wolves (Lair:5)
  2 ogres
  6 centaurs
  21 bullfrogs
  6 kobold brigands
  2 earth elementals
  A scorpion (D:5)
  A water moccasin zombie (D:5)
  A deep troll simulacrum (IceCv)
  2 wyvern skeletons (D:7)
  2 lindwurm simulacra (IceCv)
  9 wights
  A howler monkey (D:9)
  7 electric eels
  6 centaur zombies
  3 hounds
  A jelly (D:6)
  28 orc priests
  A bullfrog skeleton (D:5)
  A gnoll shaman (D:6)
  4 iguanas
  Terence (D:2)
  13 orc wizards
  6 hell rats (Lair:2)
  3 hound skeletons
  A howler monkey zombie (D:8)
  12 adders
  13 gnolls
  A howler monkey skeleton (D:6)
  14 river rats
  A shadow imp (D:5)
  An ufetubus (Vaults:4)
  3 worms
  86 orcs
  17 ball pythons
  10 bats
  7 endoplasms
  6 giant cockroaches
  6 goblins
  7 hobgoblins
  6 quokkas
  5 frilled lizards
  20 kobolds
  41 rats
  2 briar patches (Swamp:3)
  A fire vortex (Lair:1)
  2 plants (Depths:4)
2175 creatures vanquished.

Vanquished Creatures (collateral kills)
  An electric golem (Zot:5)
  Rupert (D:15)
  2 Orb Guardians (Zot:5)
  A quicksilver dragon (Zot:1)
  A death cob (Zot:2)
  3 draconian scorchers
  A draconian shifter (Zot:3)
  3 white draconians
  3 black draconians
  2 green draconians
  A yellow draconian (Zot:2)
  A caustic shrike simulacrum (IceCv)
  3 moths of wrath
  An orange demon (Zot:5)
  A tyrant leech (Swamp:3)
  A basilisk (Lair:2)
  2 vampire mosquitoes (D:14)
  A hydra simulacrum (IceCv)
  A hornet simulacrum (D:14)
30 creatures vanquished.

Vanquished Creatures (others)
  2 ancient liches (Zot:5)
  An orb of fire (Zot:5)
  A Killer Klown (Zot:5)
  2 tentacled monstrosities
  6 Orb Guardians (Zot:5)
  A death cob (Zot:1)
  A draconian scorcher (Zot:4)
  A draconian annihilator (Zot:4)
  2 demonspawn corrupters (Zot:5)
  2 green draconians (Zot:3)
  2 black draconians (Zot:3)
  A yellow draconian (Zot:2)
  2 red draconians (Zot:2)
  2 purple draconians
  3 white draconians
  11 dancing weapons
  A naga sharpshooter (Snake:3)
  A goliath frog (Swamp:3)
  4 moths of wrath
  A bloated husk (Swamp:2)
  3 humans (D:14)
  24 foxfires
  35 fungi
  60 plants
  5 toadstools (D:1)
174 creatures vanquished.

Grand Total: 2379 creatures vanquished

Notes
Turn   | Place    | Note
-------+----------+-------------------------------------------
     0 | D:1      | t4s4d4r the Octopode Transmuter began the quest for the
                  | Orb.
     0 | D:1      | Reached XP level 1. HP: 13/13 MP: 3/3
    63 | D:1      | Reached XP level 2. HP: 7/18 MP: 5/5
   333 | D:1      | Learned a level 2 spell: Wereblood
  1160 | D:1      | Reached skill level 4 in Unarmed Combat
  1251 | D:1      | Reached XP level 3. HP: 16/23 MP: 4/6
  1255 | D:1      | Learned a level 3 spell: Spider Form
  1649 | D:2      | Found a faded altar of an unknown god.
  2439 | D:2      | Reached skill level 1 in Poison Magic
  2439 | D:2      | Reached XP level 4. HP: 28/28 MP: 5/7
  2690 | D:2      | You fall into a shaft and drop 2 floors!
  3194 | D:2      | Noticed Terence
  3398 | D:2      | Reached XP level 5. HP: 21/33 MP: 5/8
  3508 | D:2      | Killed Terence
  3509 | D:2      | Reached skill level 5 in Unarmed Combat
  4441 | D:4      | Noticed an orc warrior
  4800 | D:4      | Reached XP level 6. HP: 38/38 MP: 9/9
  5100 | D:4      | Killed an orc warrior
  5536 | D:4      | Reached skill level 6 in Unarmed Combat
  5714 | D:5      | Entered Level 5 of the Dungeon
  5727 | D:5      | Reached XP level 7. HP: 33/43 MP: 8/10
  6430 | D:4      | Reached skill level 7 in Unarmed Combat
  7218 | D:5      | Noticed a kobold demonologist
  7226 | D:5      | Killed a kobold demonologist
  7227 | D:5      | Reached skill level 8 in Unarmed Combat
  7227 | D:5      | Reached XP level 8. HP: 47/48 MP: 7/11
  7300 | D:5      | Found a shadowy altar of Dithmenos.
  7335 | D:5      | Reached skill level 9 in Unarmed Combat
  7991 | D:5      | Learned a level 4 spell: Ice Form
  8483 | D:6      | Reached skill level 1 in Ice Magic
  8584 | D:6      | Found a glowing drain.
  8598 | Sewer    | Entered a sewer
  8991 | Sewer    | Reached XP level 9. HP: 39/54 MP: 4/12
  9795 | D:6      | Reached skill level 10 in Unarmed Combat
 10083 | D:7      | Reached skill level 5 in Transmutations
 10294 | D:7      | Found Jaunk's Elemental Accessories.
 10838 | D:7      | Found the +8 orange crystal plate armour {Archmagi, Int+3
                  | Clar}
 11030 | D:7      | Found a staircase to the Ecumenical Temple.
 11057 | Temple   | Entered the Ecumenical Temple
 11066 | Temple   | Became a worshipper of Gozag Ym Sagoz the Greedy
 11506 | D:8      | Found Cepifu's Weapon Boutique.
 11687 | D:8      | Reached XP level 10. HP: 63/63 MP: 13/13
 12444 | D:8      | Reached skill level 11 in Unarmed Combat
 13105 | D:9      | Noticed bmj180's ghost (novice DrCj)
 13310 | D:9      | Reached skill level 5 in Dodging
 13378 | D:9      | Reached skill level 1 in Stealth
 14062 | D:9      | Found a runed translucent gate.
 14062 | D:9      | Found a runed translucent gate.
 14062 | D:9      | Found a runed translucent gate.
 14098 | D:9      | Found a staircase to the Lair.
 14828 | D:10     | Entered Level 10 of the Dungeon
 14979 | D:10     | Reached skill level 5 in Fighting
 15171 | D:10     | Found Unywnoro's Jewellery Shop.
 15178 | D:10     | Bought a +4 ring of protection for 396 gold pieces
 15227 | D:10     | Found Jafalor's General Store.
 15234 | D:10     | Bought a scroll of blinking for 90 gold pieces
 15234 | D:10     | Bought a scroll of identify for 24 gold pieces
 15248 | D:10     | Learned a level 3 spell: Swiftness
 15674 | D:10     | Found a portal to a secret trove of treasure.
 15831 | D:11     | Reached skill level 12 in Unarmed Combat
 15898 | D:11     | Reached XP level 11. HP: 72/72 MP: 14/14
 15906 | D:11     | Noticed a boulder beetle
 15944 | D:11     | Killed a boulder beetle
 16104 | D:11     | Found Jeud's Antique Armour Shoppe.
 16113 | D:11     | Found a staircase to the Orcish Mines.
 16326 | D:11     | Noticed a two-headed ogre
 16601 | D:11     | Found a shimmering blue altar of Sif Muna.
 17718 | Lair:1   | Entered Level 1 of the Lair of Beasts
 17910 | Lair:1   | Reached skill level 5 in Stealth
 18750 | Lair:1   | Reached skill level 13 in Unarmed Combat
 19201 | Lair:2   | Reached skill level 1 in Air Magic
 19639 | Lair:2   | Reached XP level 12. HP: 46/80 MP: 15/15
 19828 | Lair:2   | Noticed a boulder beetle
 19850 | Lair:2   | Killed a boulder beetle
 20051 | Lair:2   | Noticed a seven-headed hydra
 21766 | Lair:2   | Reached skill level 5 in Ice Magic
 21870 | Lair:2   | Noticed a five-headed hydra
 21889 | Lair:2   | Killed a five-headed hydra
 21946 | Lair:2   | Noticed a five-headed hydra
 21955 | Lair:2   | Killed a five-headed hydra
 21956 | Lair:2   | Reached skill level 14 in Unarmed Combat
 22076 | Lair:2   | Killed a seven-headed hydra
 22148 | Lair:2   | Identified the +1 robe of Podialeo {Contam Dex+3 Slay+3
                  | SInv}
 22186 | Lair:2   | Reached XP level 13. HP: 88/88 MP: 16/16
 22759 | Lair:2   | Identified the +4 flail of Domination {freeze, rCorr MP+9
                  | SInv}
 23214 | Lair:1   | Bought a scroll of identify for 56 gold pieces
 23214 | Lair:1   | Bought a scroll of identify for 56 gold pieces
 23214 | Lair:1   | Bought a scroll of identify for 56 gold pieces
 23214 | Lair:1   | Bought a murky pink potion for 25 gold pieces
 23303 | Lair:3   | Reached skill level 10 in Stealth
 23790 | Lair:3   | Reached skill level 15 in Unarmed Combat
 24002 | Lair:3   | Found a staircase to the Snake Pit.
 24433 | Lair:3   | Found a staircase to the Swamp.
 25461 | Lair:4   | Reached skill level 1 in Evocations
 26372 | Lair:5   | Reached XP level 14. HP: 68/97 MP: 13/17
 26704 | Lair:5   | Noticed Nessos
 26722 | Lair:5   | Killed Nessos
 27592 | Lair:5   | Reached skill level 16 in Unarmed Combat
 28429 | Lair:6   | Entered Level 6 of the Lair of Beasts
 28719 | Lair:6   | Reached skill level 10 in Dodging
 28829 | Lair:6   | Reached skill level 10 in Fighting
 29446 | Lair:6   | Reached skill level 5 in Evocations
 29903 | Lair:6   | Reached skill level 17 in Unarmed Combat
 30164 | Lair:6   | Reached XP level 15. HP: 89/103 MP: 18/18
 31054 | Lair:6   | Found a viscous altar of Jiyva.
 31055 | Lair:6   | Found a staircase to the Slime Pits.
 31647 | Lair:6   | Paralysed by a floating eye for 3 turns
 32543 | Lair:6   | Found a corrupted altar of Lugonu.
 32543 | Lair:6   | Found a one-way gate to the infinite horrors of the Abyss.
 33206 | D:12     | Reached skill level 18 in Unarmed Combat
 35783 | D:13     | You fall into a shaft and drop 1 floor!
 36729 | Orc:1    | Entered Level 1 of the Orcish Mines
 36729 | Orc:1    | Noticed Snorg
 36737 | Orc:1    | Killed Snorg
 36795 | Orc:1    | Found Qit Jav's Specific Store.
 36799 | Orc:1    | Found Ygaos's General Store.
 36808 | Orc:1    | Bought a wand of acid (6) for 200 gold pieces
 37275 | Orc:2    | Entered Level 2 of the Orcish Mines
 37408 | Orc:2    | Found a staircase to the Elven Halls.
 39006 | Orc:2    | Reached XP level 16. HP: 83/111 MP: 18/19
 39488 | Orc:2    | Found Gassylus's Jewellery Boutique.
 39488 | Orc:2    | Found Suuneso's Jewellery Boutique.
 39489 | Orc:2    | Found Miesygg's Magic Scroll Shop.
 39489 | Orc:2    | Found Ocawaept's Armour Boutique.
 39504 | Orc:2    | Bought a +4 ring of protection for 576 gold pieces
 39504 | Orc:2    | Bought a +4 ring of protection for 576 gold pieces
 39506 | Orc:2    | Bought a ring of poison resistance for 320 gold pieces
 39506 | Orc:2    | Bought a ring of positive energy for 320 gold pieces
 39514 | Orc:2    | Bought a +4 ring of protection for 432 gold pieces
 39514 | Orc:2    | Bought a +4 ring of protection for 432 gold pieces
 39529 | Orc:2    | Bought a ring of willpower for 300 gold pieces
 39532 | Orc:2    | Bought a scroll of identify for 30 gold pieces
 39532 | Orc:2    | Bought a scroll of identify for 30 gold pieces
 39537 | Orc:2    | Bought a scroll of teleportation for 45 gold pieces
 39537 | Orc:2    | Bought a scroll of blinking for 112 gold pieces
 39537 | Orc:2    | Bought a scroll of blinking for 112 gold pieces
 39722 | Lair:1   | Bought a scroll of blinking for 112 gold pieces
 39722 | Lair:1   | Bought a scroll of teleportation for 45 gold pieces
 39722 | Lair:1   | Bought a scroll of fog for 30 gold pieces
 39722 | Lair:1   | Bought a scroll of fear for 52 gold pieces
 39722 | Lair:1   | Bought a scroll of holy word for 112 gold pieces
 40071 | D:13     | Found a gate to the Vaults.
 40204 | D:13     | Reached skill level 19 in Unarmed Combat
 40631 | D:14     | Noticed Louise
 41102 | D:14     | Noticed Kirke
 41115 | D:14     | Killed Kirke
 41754 | D:14     | Killed Louise
 42012 | D:15     | Entered Level 15 of the Dungeon
 43068 | D:15     | Found a staircase to the Depths.
 43267 | D:15     | Noticed Jorgrun
 43270 | D:15     | Noticed Rupert
 43281 | D:15     | Killed Jorgrun
 43287 | D:15     | Killed Rupert
 43735 | Swamp:1  | Entered Level 1 of the Swamp
 43872 | Swamp:1  | Reached skill level 10 in Transmutations
 44323 | Swamp:1  | Noticed Nikola
 44343 | Swamp:1  | Killed Nikola
 44375 | Swamp:1  | Reached XP level 17. HP: 65/117 MP: 11/22
 44929 | Swamp:2  | Found a frozen archway.
 44943 | IceCv    | Entered an ice cave
 45724 | IceCv    | Found an ancient bone altar of Kikubaaqudgha.
 46606 | IceCv    | Noticed a lich
 46673 | IceCv    | Killed a lich
 46674 | IceCv    | Reached skill level 20 in Unarmed Combat
 47231 | IceCv    | Identified the ring "Toumiryu" {rN+ Str+2 Dex+6}
 49407 | Swamp:3  | Reached skill level 10 in Evocations
 51478 | Swamp:3  | Got the Grimoire of Transmigration and Poison
 51489 | Swamp:3  | Learned a level 7 spell: Storm Form
 51788 | Lair:1   | Bought a scroll of teleportation for 60 gold pieces
 51857 | Snake:1  | Entered Level 1 of the Snake Pit
 52046 | Snake:1  | Found Link's General Store.
 52070 | Snake:1  | Found Totwiu's Antique Weapon Shoppe.
 52070 | Snake:1  | Found Dimask's Assorted Antiques.
 52091 | Snake:1  | Found Rief's Armour Emporium.
 52139 | Snake:1  | Bought 2 potions of heal wounds for 240 gold pieces
 52563 | Snake:1  | Got the Volume of Excruciating Fire
 52685 | Snake:1  | Found Isir Ici's General Store.
 52692 | Snake:1  | Bought a scroll of teleportation for 42 gold pieces
 53248 | Snake:1  | Reached XP level 18. HP: 124/124 MP: 9/23
 53768 | Snake:2  | Found a shimmering altar of Xom.
 53945 | Snake:2  | Reached skill level 5 in Air Magic
 54531 | Snake:2  | HP: 5/148 [salamander tyrant (13)]
 54966 | Snake:2  | Noticed Donald
 55622 | Lair:1   | Bought a ring of wizardry for 450 gold pieces
 56300 | Snake:2  | Noticed Aizul
 56418 | Snake:2  | Killed Aizul
 56556 | Snake:1  | Killed Donald
 58617 | Snake:3  | Found a transporter.
 58623 | Snake:3  | Noticed DEFE's ghost (adept DsFi)
 59005 | Snake:3  | Identified the +3 longbow "Demon's Demise" {flame, Will+
                  | Int+2}
 59467 | Snake:3  | Reached skill level 10 in Air Magic
 59520 | Snake:3  | Noticed a hellephant
 59769 | Snake:3  | Found a transporter.
 59961 | Snake:3  | Upgraded the game from 0.28-a0-863-g8cecda6153 to
                  | 0.28-a0-872-g80cf8599ee
 60041 | Snake:4  | Entered Level 4 of the Snake Pit
 60123 | Snake:4  | Reached XP level 19. HP: 118/129 MP: 7/25
 60291 | Snake:4  | Reached skill level 21 in Unarmed Combat
 61454 | Snake:4  | Reached skill level 5 in Spellcasting
 61956 | Snake:4  | Got a serpentine rune of Zot
 62357 | Swamp:4  | Entered Level 4 of the Swamp
 62820 | Swamp:4  | Identified the +3 scimitar "Cukhlato" {vorpal, +Blink rC+
                  | Dex+4}
 63084 | Swamp:4  | Noticed the 27-headed Lernaean hydra
 63229 | Swamp:4  | Killed the 27-headed Lernaean hydra
 63366 | Swamp:4  | Got a decaying rune of Zot
 63650 | Lair:1   | Bought a condenser vane for 1120 gold pieces
 63650 | Lair:1   | Bought a potion of might for 112 gold pieces
 63847 | Elf:1    | Entered Level 1 of the Elven Halls
 63924 | Elf:1    | Found an ancient bone altar of Kikubaaqudgha.
 63952 | Elf:1    | Noticed a Tzitzimitl
 64464 | Elf:1    | Noticed a Tzitzimitl
 64506 | Elf:1    | Reached skill level 22 in Unarmed Combat
 64809 | Elf:1    | Got the Tome of Creation
 64824 | Elf:1    | You fall into a shaft and drop 1 floor!
 64830 | Elf:2    | Found Ullobiz's Antique Weapon Shoppe.
 65080 | Elf:2    | Identified the +7 flail of Ancient Evil {freeze, rN+}
 65094 | Elf:2    | Reached XP level 20. HP: 134/135 MP: 22/29
 65236 | Elf:2    | Found Zysy's General Store.
 65239 | Elf:2    | Bought a scroll of magic mapping for 42 gold pieces
 65554 | Elf:1    | Found Xinay's Weapon Shoppe.
 66824 | Elf:2    | Found a shimmering altar of Xom.
 67010 | Elf:2    | Found a runed translucent gate.
 67041 | Elf:2    | Found a runed translucent gate.
 67041 | Elf:2    | Found a runed translucent gate.
 67241 | Elf:3    | Entered Level 3 of the Elven Halls
 67268 | Elf:3    | Found Xiomuuch's Assorted Antiques.
 67271 | Elf:3    | Bought 2 potions of brilliance for 168 gold pieces
 67271 | Elf:3    | Bought a potion of magic for 168 gold pieces
 69680 | Elf:3    | Identified the +8 scythe of Wounding {freeze, Stlth+}
 69826 | Elf:3    | Found the +8 longbow "Zephyr" {speed, Dex+3 SInv}
 69827 | Elf:3    | Found the +2 shield of Resistance {rF++ rC++ Will++}
 69828 | Elf:3    | Identified the +1 robe of Noughts and Crosses {Harm Regen+
                  | Slay+2}
 70317 | Lair:1   | Learned a level 4 spell: Airstrike
 70448 | Vaults:1 | Entered Level 1 of the Vaults
 70567 | Vaults:1 | Found Cirod's Book Shoppe.
 70582 | Vaults:1 | Reached skill level 15 in Transmutations
 70658 | Vaults:1 | Found Lebar's Distillery.
 70666 | Vaults:1 | Bought a potion of heal wounds for 100 gold pieces
 70666 | Vaults:1 | Bought 2 potions of heal wounds for 200 gold pieces
 70666 | Vaults:1 | Bought a potion of resistance for 200 gold pieces
 70666 | Vaults:1 | Bought a potion of curing for 60 gold pieces
 70666 | Vaults:1 | Bought a potion of berserk rage for 100 gold pieces
 70783 | Vaults:1 | Reached XP level 21. HP: 132/145 MP: 26/30
 70895 | Vaults:1 | Found Ijeske's Antique Armour Shoppe.
 71762 | Vaults:2 | Found a crumbling gateway.
 71769 | Desolati | Entered the Desolation of Salt
 71858 | Desolati | Identified the +7 shortbow "Asky Vam" {flame, rElec}
 71861 | Desolati | Got the Disquisition on Curses and Arcane Weapons
 72355 | Desolati | Identified the ring "Loasoa" {EV+4 Dex+3}
 72357 | Desolati | Identified the +3 kite shield of Gyuluvam {rC+}
 72404 | Desolati | Identified the +10 trident "Niat" {spect, rN+ Will- Str+5}
 72898 | Desolati | Identified the ring of Duhefauphe {rCorr AC+4 Str+3 Dex+2}
 73240 | Vaults:2 | Found a staircase to the Crypt.
 73240 | Vaults:2 | Found an ancient bone altar of Kikubaaqudgha.
 73241 | Vaults:2 | Found a basalt altar of Yredelemnul.
 74540 | Vaults:3 | Found a huge runed gate.
 74540 | Vaults:3 | Found a huge runed gate.
 74540 | Vaults:3 | Found a huge runed gate.
 74540 | Vaults:3 | Found a huge runed gate.
 74540 | Vaults:3 | Found a huge runed gate.
 74540 | Vaults:3 | Found a huge runed gate.
 74541 | Vaults:3 | Found a huge runed gate.
 74541 | Vaults:3 | Found a huge runed gate.
 74541 | Vaults:3 | Found a huge runed gate.
 74541 | Vaults:3 | Found a huge runed gate.
 74541 | Vaults:3 | Found a huge runed gate.
 74633 | Vaults:3 | Found a huge runed gate.
 74633 | Vaults:3 | Found a huge runed gate.
 74633 | Vaults:3 | Found a huge runed gate.
 74633 | Vaults:3 | Found a huge runed gate.
 74633 | Vaults:3 | Found a huge runed gate.
 74634 | Vaults:3 | Found a huge runed gate.
 74634 | Vaults:3 | Found a huge runed gate.
 74634 | Vaults:3 | Found a huge runed gate.
 74634 | Vaults:3 | Found a huge runed gate.
 74635 | Vaults:3 | Found a huge runed gate.
 74636 | Vaults:3 | Found a huge runed gate.
 74637 | Vaults:3 | Found a huge runed gate.
 74638 | Vaults:3 | Found a huge runed gate.
 74639 | Vaults:3 | Found a huge runed gate.
 74647 | Vaults:3 | Found a huge runed gate.
 74647 | Vaults:3 | Found a huge runed gate.
 74647 | Vaults:3 | Found a huge runed gate.
 74647 | Vaults:3 | Found a huge runed gate.
 74647 | Vaults:3 | Found a huge runed gate.
 74647 | Vaults:3 | Found a huge runed gate.
 74648 | Vaults:3 | Found a huge runed gate.
 74649 | Vaults:3 | Found a huge runed gate.
 74650 | Vaults:3 | Found a huge runed gate.
 74658 | Vaults:3 | Found a huge runed gate.
 74658 | Vaults:3 | Found a huge runed gate.
 75618 | Vaults:3 | Reached XP level 22. HP: 154/155 MP: 27/34
 76776 | Vaults:4 | Noticed Jory
 76785 | Vaults:4 | Killed Jory
 76806 | Vaults:4 | Reached skill level 15 in Air Magic
 77520 | Vaults:4 | Noticed Saint Roka
 77538 | Vaults:4 | Killed Saint Roka
 78270 | Vaults:4 | Noticed Mara
 78326 | Vaults:4 | Killed Mara
 78331 | Vaults:4 | Reached skill level 23 in Unarmed Combat
 78771 | Vaults:5 | Entered Level 5 of the Vaults
 78772 | Vaults:5 | Noticed an ancient lich
 78879 | Vaults:5 | Noticed a golden dragon
 78890 | Vaults:5 | Reached XP level 23. HP: 128/161 MP: 23/35
 78898 | Vaults:4 | Killed a golden dragon
 79102 | Vaults:5 | Killed an ancient lich
 79136 | Vaults:5 | Identified the ring "Fukloub" {rN+ Dex+2}
 79136 | Vaults:5 | Noticed a golden dragon
 79217 | Vaults:5 | Killed a golden dragon
 79627 | Vaults:5 | Found Apufful's Assorted Antiques.
 79673 | Vaults:5 | Bought a potion of curing for 72 gold pieces
 79681 | Vaults:5 | Got a silver rune of Zot
 79722 | Vaults:5 | Identified the +4 falchion of Exquisite Death {venom, rPois
                  | rN+ Dex+3}
 79894 | Vaults:5 | Reached skill level 24 in Unarmed Combat
 79952 | Vaults:5 | Noticed an ancient lich
 79963 | Vaults:5 | Killed an ancient lich
 81525 | Depths:1 | Entered Level 1 of the Depths
 81827 | Depths:1 | Found a gateway to Hell.
 82269 | Depths:1 | Found a shadowy altar of Dithmenos.
 82289 | Depths:1 | Reached XP level 24. HP: 154/168 MP: 28/35
 82364 | Depths:1 | Found a snail-covered altar of Cheibriados.
 82470 | Depths:1 | Found a gateway to a ziggurat.
 83737 | Depths:2 | Noticed a caustic shrike
 83748 | Depths:2 | Killed a caustic shrike
 83811 | Depths:2 | Found a one-way gate leading to the halls of Pandemonium.
 84166 | Depths:2 | Found a shadowy altar of Dithmenos.
 84170 | Depths:2 | Found a bloodstained altar of Trog.
 84189 | Depths:2 | Identified the +10 great mace "Murmur" {vorpal, rF++ Int+3
                  | Stlth-}
 84276 | Depths:2 | Identified the +3 leather armour "Zoqu" {rN+ Stlth+}
 84971 | D:10     | You paid a toll of a +6 demon whip to enter a treasure
                  | trove
 84972 | Trove    | Entered a treasure trove
 84993 | Trove    | Identified the ring "Elei" {+Blink rF- Int+3 Dex+6}
 84994 | Trove    | Identified the ring of Plog {rCorr Dex+3}
 84995 | Trove    | Identified the ring of Xumnuit {Wiz rPois rF- rN++}
 84997 | Trove    | Identified the ring of the Endless Expanse {rC+ Int+4
                  | Dex+4}
 85010 | Trove    | Identified the ring "Yle Wuewn" {rC+ rCorr Slay+4}
 85012 | Trove    | Identified the ring of Red Wine {rElec rPois rN+ Dex+6}
 85014 | Trove    | Identified the ring "Jicrashro" {rElec rF+ Will++ EV+4
                  | Str-4}
 85312 | Depths:3 | Noticed a caustic shrike
 85314 | Depths:3 | Noticed a caustic shrike
 85314 | Depths:3 | Noticed a caustic shrike
 85316 | Depths:3 | Noticed a caustic shrike
 85319 | Depths:3 | Killed a caustic shrike
 85320 | Depths:3 | Killed a caustic shrike
 85321 | Depths:3 | Noticed a caustic shrike
 85325 | Depths:3 | Killed a caustic shrike
 85327 | Depths:3 | Killed a caustic shrike
 85331 | Depths:3 | Killed a caustic shrike
 85351 | Depths:3 | Reached skill level 15 in Fighting
 85368 | Depths:3 | Reached skill level 25 in Unarmed Combat
 85859 | Depths:3 | Found a white marble altar of Elyvilon.
 86413 | Depths:3 | Found an ancient bone altar of Kikubaaqudgha.
 86926 | Depths:4 | Entered Level 4 of the Depths
 86937 | Depths:4 | Reached XP level 25. HP: 173/174 MP: 29/36
 87265 | Depths:4 | Found a gate to the Realm of Zot.
 87567 | Depths:4 | Noticed Xtahua
 87579 | Depths:4 | Killed Xtahua
 88094 | Depths:4 | Noticed a juggernaut
 88105 | Depths:4 | Killed a juggernaut
 88220 | Depths:4 | Reached skill level 10 in Spellcasting
 88988 | Zot:1    | Entered Level 1 of the Realm of Zot
 89553 | Zot:1    | Reached skill level 26 in Unarmed Combat
 91071 | Zot:3    | Identified the ring of Xom's Bemusement {Fire rCorr Str-2
                  | Int+10 Dex-4}
 92439 | Zot:4    | Reached XP level 26. HP: 177/180 MP: 28/37
 92615 | Zot:4    | Identified the ring "Viuv" {rC++ MP+9 Str-4 SInv}
 92664 | Zot:4    | Noticed a Killer Klown
 92669 | Zot:4    | Killed a Killer Klown
 92963 | Zot:4    | Reached skill level 15 in Stealth
 93852 | Zot:5    | Entered Level 5 of the Realm of Zot
 94075 | Zot:5    | Reached skill level 27 in Unarmed Combat
 94709 | Zot:5    | Noticed an ancient lich
 94717 | Zot:5    | Noticed an orb of fire
 94719 | Zot:5    | Noticed a dread lich
 94722 | Zot:5    | Noticed a Killer Klown
 94725 | Zot:5    | Noticed an ancient lich
 94727 | Zot:5    | Killed an ancient lich
 94728 | Zot:5    | Reached skill level 15 in Dodging
 94735 | Zot:5    | Killed an orb of fire
 94742 | Zot:5    | Killed a dread lich
 94744 | Zot:5    | Noticed an orb of fire
 94753 | Zot:5    | Killed an ancient lich
 94757 | Zot:5    | Killed a Killer Klown
 94759 | Zot:5    | Killed an orb of fire
 94768 | Zot:5    | Noticed an ancient lich
 94776 | Zot:5    | Noticed an ancient lich
 94786 | Zot:5    | Noticed a dread lich
 94786 | Zot:5    | Noticed an ancient lich
 94789 | Zot:5    | Killed an ancient lich
 94816 | Zot:5    | Killed a Killer Klown
 95341 | Zot:5    | Got the Orb of Zot
 95381 | Zot:5    | Noticed Cosupt the pandemonium lord
 96045 | D:1      | Noticed Qidacon the pandemonium lord
 96050 | D:$      | Escaped with the Orb!

Illustrated notes

Levels and vault maps discovered:
D:1:      nicolae_arrival_washed_ashore, layout_loops_cross,
          minmay_gold_behind_fungi, minmay_close_crescents
D:2:      layout_basic, dreamdust_ecumenical_altar_grove, uniq_terence
D:3:      layout_loops_cross, feat_on_display
D:4:      layout_loops_ring, lexackson_kobold_supper
D:5:      layout_loops_cross, overflow_temple_1_default
D:6:      layout_rooms, cheibrodos_sewer_entry_bend,
          minmay_misc_feat_secret_circle
D:7:      layout_basic, minmay_temple_entry_fiery, nicolae_elemental_shop,
          dk_rats_in_the_wall
D:8:      layout_basic, serial_shops, shop
D:9:      layout_roguey, lair_entry_dummy, gammafunk_ghost_icy
D:10:     layout_basic, serial_shops, nicolae_shop_trees, enter_trove_3,
          kennysheep_doodads, nicolae_stop_n_shop_2
D:11:     layout_irregular_city, minmay_orc_entry_temple_small, serial_shops,
          nicolae_shop_crystal, tgw_sif
D:12:     layout_cave_pools
D:13:     layout_roguey, grunt_vaults_entry_fortified,
          minmay_misc_feat_nine_boxes
D:14:     layout_grid_maze, uniq_kirke, uniq_louise
D:15:     hangedman_depths_entry_try_elsewhere_first, layout_cave_pools,
          minmay_misc_feat_enclosed, uniq_jorgrun, uniq_rupert
Temple:   grunt_wide_crystal_templ
Lair:1:   layout_gridlike, chequers_serial_rivers_micro_e, serial_bayou_shore_a
Lair:2:   nzn_winding_woodlands_large [nzn_winding_woodlands_hourglass,
          nzn_winding_woodlands_5x15_river_crossing,
          nzn_winding_woodlands_5x5_perimeter,
          nzn_winding_woodlands_center_garden,
          nzn_winding_woodlands_15x15_thick_spiral,
          nzn_winding_woodlands_center_triple_pond,
          nzn_winding_woodlands_5x5_checkerboard,
          nzn_winding_woodlands_5x15_twine,
          nzn_winding_woodlands_5x5_closed_star], layout_misc_corridors, pond
Lair:3:   layout_regular_city, nicolae_swamp_entry_splash_gauntlet,
          guppyfry_snake_entry_island
Lair:4:   layout_cave_pods
Lair:5:   layout_cave_pods, grunt_megastairs_5, uniq_nessos
Lair:6:   hellmonk_lair_end_abyssal_woods, layout_layer_cave,
          dpeg_slime_entry_enclosed_altar, grunt_megastairs_4,
          infiniplex_staircase_pool
Swamp:1:  layout_basic_swamp, evilmike_swamp_ruin_house_2, uniq_nikola
Swamp:2:  layout_basic_swamp, portal_ice_cave_entry_pillars_1,
          evilmike_swamp_ruin_house_5, swamp_pool1, hangedman_swamp_pad
Swamp:3:  layout_basic_swamp, evilmike_swamp_ruin_rubble_1, hangedman_swamp_dais
Swamp:4:  swamp_old_school, layout_basic_swamp
Snake:1:  layout_honeycomb, serial_shops, shop, serial_bayou_crossing,
          minmay_shoptagon
Snake:2:  layout_onion, basic_altar, nicolae_snake_serpentine_hallways,
          nicolae_snake_scaly_snakehead, uniq_donald, uniq_aizul
Snake:3:  nicolae_snake_shooting_gallery, layout_grid_maze,
          gammafunk_ghost_abyssal_escape, lemuel_fruit_tree
Snake:4:  grunt_snake_rune_pools, layout_cave_town
Orc:1:    layout_caves, basic_altar, nicolae_specific_store, uniq_snorg
Orc:2:    st_orc_pillars, layout_diamond_mine
Elf:1:    elf_arrival_001, layout_geoelf_octagon, basic_altar, serial_shops,
          shop, minmay_elf_demonology
Elf:2:    nicolae_elf_blades_crystal_corner, layout_gridlike, serial_shops,
          shop_statue, nicolae_lakefront_shop, guppyfry_elf_altar
Elf:3:    minmay_elf_hall_quartered_circle, layout_geoelf_castle, serial_shops,
          nicolae_shop_behind_doors
Vaults:1: v_misc_26, hangedman_vaults_variations, nicolae_vaults_three_branches,
          hangedman_vaults_stream, v_misc_33, ontoclasm_vaults_twist,
          vaults_standard_mumra_x, ontoclasm_vaults_misaligned,
          vaults_dpeg_ring, layout_vaults_maze_snakey, serial_shops, shop,
          shop_fountains, shop
Vaults:2: portal_desolation_entry_nicolae_slug, minmay_crypt_entry_necro_gods,
          grunt_vaults_swirl, nicolae_vaults_circle_grid_a,
          nicolae_vaults_circle_grid_a, nicolae_vaults_little_squares_4,
          vaults_room_glass_cross, vaults_mumra_hex, ontoclasm_vaults_gateway,
          vaults_room_fancy_cross, layout_vaults_chaotic_city
Vaults:3: vaults_room_grunt_arrival_checkpoint, door_vault,
          grunt_vaults_hallway_long, grunt_vaults_trifunnel,
          nicolae_vaults_network_square, vaults_room_semicircle,
          ontoclasm_vaults_chip, v_misc_28, ontoclasm_vaults_eye,
          nicolae_vaults_rhombus_7, v_misc_24, layout_vaults_big_cross
Vaults:4: v_rooms_3, nicolae_vaults_what_the_h, hangedman_vaults_corner_blocks,
          serial_ice_h, v_misc_30, v_pattern_2, vaults_room_door_hall,
          vaults_room_fours, layout_vaults_quadrants, uniq_saint_roka,
          uniq_mara, uniq_jory
Vaults:5: serial_shops
Depths:1: layout_basic, enter_ziggurat_c, lemuel_round_altar,
          grunt_hell_entry_dis_grunt, grunt_dithmenos_smoke_and_mirrors,
          firewood_loft
Depths:2: minmay_the_grid_octo_tiled_squarecenter
          [minmay_the_grid_octo_tetromino_candy, minmay_the_grid_octo_empty,
          minmay_the_grid_octo_vomiting_pacman, minmay_the_grid_octo_checkered,
          minmay_the_grid_square_5x5_megaprize_diamond,
          minmay_the_grid_square_5x5_three_small,
          minmay_the_grid_square_5x5_hollow_slash,
          minmay_the_grid_square_5x5_shrine2,
          minmay_the_grid_square_5x5_checkered], layout_honeycomb,
          nicolae_two_hexagons, grunt_pan_entry_zigzag, hell_entry,
          marbit_kobold_abyss_entry, infiniplex_staircase_pool_lava
Depths:3: minmay_thinvault, layout_cave_shapes, abyss_entry, elyvilon_altar_5,
          hellmouth_3, kiku_gazebo_pond_becter
Depths:4: evilmike_zot_entry_hall, layout_gridlike,
          grunt_hell_entry_demonic_statue, abyss_entry, uniq_xtahua
Zot:1:    layout_gridlike, st_stairs_10
Zot:2:    layout_gridville
Zot:3:    layout_basic
Zot:4:    layout_basic, zot_minivault_4
Zot:5:    layout_onion

Skill      XL: |  1  2  3  4  5  6  7  8  9 10 11 12 13 14 15 16 17 18 19 20 21 22 23 24 25 26 |
---------------+-------------------------------------------------------------------------------+-----
Unarmed Combat | 4 5 6 8 9 10 12 13 14 15 17 18 19 20 22 23 24 25 26 27 | 27.0
Poison Magic   | 1 2 3 |  3.1
Transmutations | 3 4 5 6 7 8 9 10 12 13 15 16 17 18 19 | 19.6
Ice Magic      | 1 3 5 6 |  6.3
Fighting       | 2 4 5 6 7 9 10 11 13 14 15 16 | 16.6
Dodging        | 4 5 7 8 9 10 11 12 13 14 15 | 15.7
Stealth        | 3 6 8 10 11 12 14 17 | 17.9
Air Magic      | 2 4 10 11 13 14 15 16 17 18 | 18.5
Evocations     | 2 6 7 8 10 | 10.0
Spellcasting   | 3 4 6 8 9 10 | 10.1

Action                   |  1- 3 |  4- 6 |  7- 9 | 10-12 | 13-15 | 16-18 | 19-21 | 22-24 | 25-27 || total
-------------------------+-------+-------+-------+-------+-------+-------+-------+-------+-------++-------
Melee: Unarmed           |    69 |   124 |   343 |   487 |  1081 |  1230 |   972 |   853 |   542 ||  5701
       Constrict         |    21 |    23 |    32 |    11 |     8 |    11 |     9 |     4 |     5 ||   124
       Tentacles         |    15 |    15 |    21 |     5 |     6 |    19 |     7 |     9 |     8 ||   105
       Punch             |     1 |     2 |     4 |     3 |    13 |    34 |   106 |   117 |    75 ||   355
       Kick              |     6 |    15 |     7 |     5 |     1 |       |       |       |       ||    34
       Staff             |       |       |       |       |       |       |     6 |    26 |    21 ||    53
Throw: Dart              |       |     3 |     3 |       |       |       |       |       |       ||     6
 Cast: Beastly Appendage |    20 |    22 |    11 |     4 |     2 |       |     1 |       |       ||    60
       Wereblood         |       |     5 |    15 |    12 |    13 |     4 |     6 |     3 |     1 ||    59
       Spider Form       |       |     6 |    26 |    13 |    22 |     3 |       |       |       ||    70
       Ice Form          |       |       |     9 |    44 |    88 |    80 |       |       |       ||   221
       Storm Form        |       |       |       |       |       |    19 |    92 |    69 |    52 ||   232
       Swiftness         |       |       |       |       |       |     1 |       |       |       ||     1
       Airstrike         |       |       |       |       |       |       |     1 |     3 |       ||     4
Invok: Potion Petition   |       |       |       |     1 |       |     1 |       |       |       ||     2
       Call Merchant     |       |       |       |       |     2 |     3 |       |     5 |       ||    10
       Bribe Branch      |       |       |       |       |       |       |       |       |     2 ||     2
 Abil: End Transformatio |       |       |       |     3 |     3 |     1 |     3 |       |       ||    10
       Blinkbolt         |       |       |       |       |       |     6 |    26 |    16 |       ||    48
Evoke: Wand              |       |       |       |    25 |    18 |    13 |       |     1 |       ||    57
       Box of beasts     |       |       |       |       |       |     3 |       |       |       ||     3
       Lightning rod     |       |       |       |       |       |     6 |       |       |     1 ||     7
       Phantom mirror    |       |       |       |       |       |       |     1 |       |       ||     1
       Tin of tremorston |       |       |       |       |       |       |       |       |     4 ||     4
       Condenser vane    |       |       |       |       |       |       |       |       |     1 ||     1
  Use: Scroll            |       |     5 |    10 |     9 |    10 |    12 |     5 |     7 |     4 ||    62
       Potion            |       |       |       |       |     2 |     7 |       |     2 |       ||    11
 Stab: Sleeping          |     4 |     5 |       |     6 |    11 |    19 |     7 |     9 |     1 ||    62
       Distracted        |       |       |     1 |     3 |     7 |    16 |    19 |    14 |    21 ||    81
       Paralysed         |       |       |       |       |     6 |       |       |       |       ||     6
       Confused          |       |       |       |       |       |     1 |       |       |     1 ||     2
Armor: Skin              |     2 |    10 |    33 |    78 |   239 |   720 |   297 |   189 |   100 ||  1668
Dodge: Dodged            |    30 |    70 |   237 |   219 |   620 |   826 |   695 |   704 |   537 ||  3938
Block: Other             |       |       |       |    51 |    21 |       |       |       |       ||    72

Table legend: (Time is in decaauts)
 A = Elapsed time spent in this place.
 B = Non-inter-level travel time spent in this place.
 C = Inter-level travel time spent in this place.
 D = Time resting spent in this place.
 E = Time spent auto-exploring this place.
 F = Levels seen in this place.
 G = Mean time per level.
                   A        B        C        D        E       F      G
               +--------+--------+--------+--------+--------+-----+--------+
         Total |  94250 |  87215 |   7035 |  29222 |  41074 |  53 | 1778.3 |
       Dungeon |  26278 |  22923 |   3355 |   8174 |  10867 |  15 | 1751.9 |
        Temple |     18 |     10 |      8 |      0 |      0 |   1 |   18.0 |
          Lair |  16491 |  14894 |   1597 |   6443 |   5421 |   6 | 2748.5 |
         Swamp |   6325 |   6018 |    307 |   2478 |   2541 |   4 | 1581.2 |
     Snake Pit |   9840 |   9500 |    340 |   4078 |   3654 |   4 | 2460.0 |
  Orcish Mines |   3235 |   3026 |    209 |   1211 |   1089 |   2 | 1617.5 |
   Elven Halls |   5710 |   5528 |    182 |   1830 |   2386 |   3 | 1903.3 |
        Vaults |   9051 |   8684 |    367 |   1436 |   5639 |   5 | 1810.2 |
        Depths |   6602 |   6138 |    464 |    834 |   4142 |   4 | 1650.5 |
           Zot |   6352 |   6150 |    202 |    995 |   4164 |   5 | 1270.4 |
         Trove |     56 |     56 |      0 |      0 |      0 |   1 |   56.0 |
         Sewer |    581 |    581 |      0 |     78 |    200 |   1 |  581.0 |
      Ice Cave |   2334 |   2334 |      0 |   1179 |    476 |   1 | 2334.0 |
    Desolation |   1371 |   1371 |      0 |    485 |    495 |   1 | 1371.0 |
               +--------+--------+--------+--------+--------+-----+--------+

Top non-repeatable levels by time:
  Lair:6: 3813 daAuts
  Lair:2: 3755 daAuts
  Lair:1: 3134 daAuts
 Snake:2: 2852 daAuts
 Snake:1: 2537 daAuts
 Snake:3: 2494 daAuts
   Orc:2: 2481 daAuts
     D:9: 2410 daAuts
 Swamp:3: 2404 daAuts
Vaults:4: 2383 daAuts
    D:13: 2370 daAuts
   IceCv: 2334 daAuts
    D:14: 2252 daAuts
   Elf:3: 2167 daAuts
  Lair:3: 2160 daAuts
